 Dungeon Crawl Stone Soup version 0.17-a0-1842-gacc33f2 (webtiles) character file.

373 mcbry74 the Magician (level 6, -6/32 HPs)
             Began as a Deep Elf Wizard on Sept 17, 2015.
             Killed by nerve-wracking pain
             ... invoked by an orc priest
              (10 damage)
             ... on level 4 of the Dungeon.
             The game lasted 00:46:38 (5627 turns).

mcbry74 the Magician (Deep Elf Wizard)              Turns: 5627, Time: 00:46:38

Health: -6/32      AC:  2    Str:  5    XL:     6   Next: 43%
Magic:  13/18      EV: 13    Int: 29    God:
Gold:   96         SH:  0    Dex: 13    Spells: 6 memorised, 4 levels left

rFire  . . .     SeeInvis .     e - +2 dagger (flame)
rCold  + . .     Clarity  .     a - +0 robe
rNeg   . . .     SustAt   .     (no shield)
rPois  .         Gourm    .     b - +0 hat
rElec  .         Spirit   .     (no cloak)
rCorr  .         Warding  .     (no gloves)
rMut   +         Stasis   .     (no boots)
MR     .....                    l - amulet of resist mutation
Stlth  ++........               (no ring)
                                h - ring of protection from cold

@: brilliant, very slightly contaminated, not resistant to hostile enchantments,
unstealthy
A: no striking features
a: no special abilities


You were on level 4 of the Dungeon.
You were not hungry.

You visited 1 branch of the dungeon, and saw 4 of its levels.

You collected 96 gold pieces.

Inventory:

Hand weapons
 e - a +2 dagger of flaming (weapon)
 f - a +0 dagger
 m - a +0 blowgun
 o - a +0 dagger of venom
Armour
 a - a +0 robe (worn)
 b - a +0 hat (worn)
Jewellery
 h - a ring of protection from cold (left hand)
 l - an amulet of resist mutation (around neck)
Scrolls
 g - 2 scrolls of enchant weapon {unknown}
 j - a scroll of remove curse {unknown}
 k - a scroll of magic mapping {unknown}
 n - a scroll of identify {unknown}
 r - a scroll of fog {unknown}
Potions
 p - a potion of flight {unknown}
Books
 c - a book of Minor Magic

   Spells                             Type                      Level
   a - Magic Dart                     Conjuration                  1
   b - Blink                          Translocation                2
   c - Call Imp                       Summoning                    2
   d - Repel Missiles                 Charms/Air                   2
   e - Slow                           Hexes                        2
   f - Conjure Flame                  Conjuration/Fire             3
   g - Mephitic Cloud                 Conjuration/Poison/Air       3
 s - a book of Air

   Spells                             Type                      Level
   a - Shock                          Conjuration/Air              1
   b - Swiftness                      Charms/Air                   2
   c - Repel Missiles                 Charms/Air                   2
   d - Static Discharge               Conjuration/Air              3
   e - Lightning Bolt                 Conjuration/Air              5
Comestibles
 d - 3 bread rations
 q - 4 fruits


   Skills:
 + Level 0.1 Fighting
 + Level 0.2 Short Blades
 + Level 3.1 Dodging
 + Level 3.2 Stealth
 + Level 7.6 Spellcasting
 + Level 3.7 Conjurations
   Level 1.1 Summonings
 + Level 1.1 Translocations
 + Level 1.4 Air Magic
 + Level 0.2 Poison Magic


You had 4 spell levels left.
You knew the following spells:

 Your Spells              Type           Power        Failure   Level  Hunger
a - Magic Dart            Conj           ####         1%          1    None
b - Mephitic Cloud        Conj/Pois/Air  #####...     1%          3    None
c - Blink                 Tloc           N/A          1%          2    None
d - Repel Missiles        Chrm/Air       ####..       1%          2    None
e - Conjure Flame         Conj/Fire      #####...     1%          3    None
f - Lightning Bolt        Conj/Air       #####.....   9%          5    ####...


Dungeon Overview and Level Annotations

Branches:
Dungeon (4/15)
 Temple: D:4-7

Altars:
Ashenzari
Fedhas
Makhleb
Ru
Trog

Shops:
D:4 (


Message History

There is a stone staircase leading up here.
Casting: Magic Dart
Confirm with . or Enter, or press ? or * to list all spells.
The spell is very dangerous to cast!
Continue anyway?
Aiming: Lightning Bolt
Press: ? - help, Shift-Dir - straight line, f - orc priest
Aim: an orc priest, wielding a morningstar You miscast Lightning Bolt.
You are very lightly contaminated with residual magic.
There is a sudden explosion of magical energy!
The explosion engulfs you!
Ouch! That really hurt!
* * * LOW HITPOINT WARNING * * *
Drink which item? (? for menu, Esc to quit)
It was a potion of brilliance.
You feel clever all of a sudden. The orc wizard misses you.
The orc priest calls down the wrath of Beogh upon you.
Pain shoots through your body!
You die...

.... ###### .#.∩
#######....##....
#>....'....#....
#+##..#....'.#
#.##..#....#'##
#.....#.......#
#....o#.......+
#....@oS.o....#
#.###.#..........
#. #.#....#+#...#
#. ..+....+ ...#
# #+#....# +##
....... .


You could see an orc priest, 2 orc wizards and an adder.

Vanquished Creatures
  An ogre (D:3)
  Ijyb (D:2)
  2 orc wizards
  A giant frog skeleton (D:2)
  A killer bee zombie (D:3)
  7 adders
  An ooze (D:1)
  5 worms
  3 giant geckos
  7 orcs (D:3)
  2 ball pythons
  5 giant cockroaches
  6 goblins
  8 hobgoblins
  4 jackals (D:3)
  A quokka (D:3)
  6 bats
  5 giant newts
  7 kobolds
  12 rats
85 creatures vanquished.

Vanquished Creatures (others)
  A ball lightning (D:3)
  A worm (D:3)
2 creatures vanquished.

Grand Total: 87 creatures vanquished

Notes
Turn   | Place    | Note
--------------------------------------------------------------
     0 | D:1      | mcbry74 the Deep Elf Wizard began the quest for the Orb.
     0 | D:1      | Reached XP level 1. HP: 10/10 MP: 7/7
   371 | D:1      | Reached skill level 5 in Spellcasting
   383 | D:1      | Reached XP level 2. HP: 15/15 MP: 6/10
  1287 | D:2      | Reached XP level 3. HP: 16/19 MP: 7/12
  1354 | D:2      | Learned a level 3 spell: Mephitic Cloud
  1357 | D:2      | Learned a level 2 spell: Blink
  1360 | D:2      | Learned a level 2 spell: Repel Missiles
  1364 | D:2      | Learned a level 3 spell: Conjure Flame
  2010 | D:2      | Found a burning altar of Makhleb.
  2010 | D:2      | Noticed a cacodemon
  2016 | D:2      | Noticed a neqoxec
  2016 | D:2      | Noticed a ynoxinul
  2018 | D:2      | Reached skill level 6 in Spellcasting
  2056 | D:2      | Reached XP level 4. HP: 15/24 MP: 1/14
  2293 | D:2      | Found a bloodstained altar of Trog.
  2421 | D:2      | Noticed Ijyb
  2775 | D:2      | Killed Ijyb
  2775 | D:2      | Reached XP level 5. HP: 15/28 MP: 1/16
  3168 | D:3      | Found a shattered altar of Ashenzari.
  3170 | D:3      | Found a blossoming altar of Fedhas.
  3173 | D:3      | Found a sacrificial altar of Ru.
  3219 | D:3      | Reached skill level 7 in Spellcasting
  3433 | D:3      | Noticed an ogre
  3478 | D:3      | Killed an ogre
  3478 | D:3      | Reached XP level 6. HP: 32/32 MP: 2/18
  3854 | D:3      | Reached skill level 1 in Air Magic
  4237 | D:3      | Learned a level 5 spell: Lightning Bolt
  4241 | D:3      | Noticed a ball lightning
  4242 | D:3      | Killed a ball lightning
  4742 | D:4      | Found Burim's Weapon Boutique.
  5627 | D:4      | Killed from afar by an orc priest

Vault maps used:
D:1:      mrwooster_arrival_statue, hangedman_feature_mirror
D:2:      lemuel_crystal_altar, makhleb_altar_promises_db, first_bread,
          uniq_iyjb
D:3:      grunt_temple_overflow_open, kennysheep_generic_room_13
D:4:      minmay_temple_entry_from_below_a, serial_shops, shop, shop, shop,
          nicolae_shop_stone, nicolae_shop_crystal

Action                   |  1- 3 |  4- 6 || total
-------------------------+-------+-------++-------
Melee: Dagger            |     8 |    27 ||    35
 Cast: Magic Dart        |    95 |   124 ||   219
       Conjure Flame     |     4 |     3 ||     7
       Mephitic Cloud    |     1 |    11 ||    12
       Blink             |       |     3 ||     3
       Lightning Bolt    |       |     2 ||     2
  Use: Scroll            |     2 |       ||     2
       Potion            |       |     1 ||     1
 Stab: Sleeping          |       |     1 ||     1
  Eat: Chunk             |     1 |     2 ||     3
       Bread ration      |     1 |     2 ||     3
